 Dungeon Sprint DCSS version 0.15-a0-1206-g3bad1a6 (webtiles) character file.

1200000 Infinimo the Unseen (level 13, -15/79 HPs)
             Began as a Formicid Air Elementalist on June 1, 2014.
             Was a Follower of Makhleb.
             Demolished by a bag of meat
             ... wielding a +9,+9 war axe
              (36 damage)
             ... in the Dungeon (Sprint VIII: "Arena of Blood").
             The game lasted 00:00:28 (12 turns).

Infinimo the Unseen (Formicid Air Elementalist)       Turns: 12, Time: 00:00:29

HP -15/79        AC  2     Str 13      XL: 13   Next: 16%
MP   3/35        EV 21     Int 16      God: Makhleb [*.....]
Gold 0           SH  0     Dex 15      Spells:  1 memorised, 40 levels left

rFire  . . .     SeeInvis +     f - +∞ Axe of Woe
rCold  . . .     Clarity  .     a - +0 robe
rNeg   . . .     rCorr    .     (no shield)
rPois  .         rRot     .     (helmet unavailable)
rElec  .         Spirit   .     (no cloak)
SustAb .         Warding  .     (no gloves)
rMut   .         Stasis   +     (no boots)
Gourm  .                        (no amulet)
MR     +....                    (no ring)
                                (no ring)

@: somewhat resistant to hostile enchantments, extremely stealthy
A: permanent stasis, dig shafts and tunnels, four strong arms, antennae 3
a: Dig, Renounce Religion


You were in the Dungeon.
You worshipped Makhleb.
Makhleb was aware of your devotion.
You were not hungry.

You visited 1 branch

Inventory:

Hand weapons
 f - the +∞,+∞ Axe of Woe (weapon)
   (You found it in the Dungeon)
Armour
 a - a +0 robe (worn)
Comestibles
 c - a bread ration
Potions
 d - a potion of curing
 e - a potion of heal wounds
 g - 2 potions of magic
Books
 b - a book of Air

   Spells                             Type                      Level
   *Shock                             Conjuration/Air              1
   Swiftness                          Charms/Air                   2
   Repel Missiles                     Charms/Air                   2
   Flight                             Charms/Air                   3
   Static Discharge                   Conjuration/Air              3
   Lightning Bolt                     Conjuration/Air              5


   Skills:
 + Level 13.5 Dodging
 + Level 18.1 Stealth
 + Level 14.6 Spellcasting
 + Level 13.4 Conjurations
 + Level 12.7 Air Magic


You had 40 spell levels left.
You knew the following spells:

 Your Spells              Type           Power        Failure   Level  Hunger
a - Shock                 Conj/Air       ####         1%          1    None


Dungeon Overview and Level Annotations

Branches:
Dungeon (1/1)

Altars:
Makhleb


Innate Abilities, Weirdness & Mutations

Your are under a permanent stasis effect.
You can dig through walls and to a lower floor.
Your four strong arms can wield two-handed weapons with a shield.
You have a pair of large antennae on your head (SInv).


Message History

Makhleb accepts your kill.
You can now gain health from killing.
Your Dodging skill gained 2 levels and is now at level 13!
Your Stealth skill gained 2 levels and is now at level 18!
Your Spellcasting skill gained 2 levels and is now at level 14!
Your Conjurations skill gained 2 levels and is now at level 13!
Your Air Magic skill increases to level 12!
You have reached level 12!
Your experience leads to an increase in your attributes!
Increase (S)trength, (I)ntelligence, or (D)exterity?
You feel agile.
You feel clever.
You have reached level 13!
You hear a shout! x15
The destroyer moves out of view.
You hear a shout!
The meat berserker hits you with a +9,+9 battleaxe!!!
Ouch! That really hurt!
* * * LOW HITPOINT WARNING * * *
You hear a shout! x6
The bag of meat hits you with a +9,+9 war axe!!!
You die...

....###... ..###.
..........###......
....#........_......
.O.#.......#.....#
##..........#_.<._#
....#.......#.....#..
......#........_......
.......Oo).oo.o###......
........@)###....o..###.
.......oO...#{......#
........o..#.......#
..#.................
.#.#o#.o.....o....
o#o#..o.........
o#.#.......... #.....#..
....


You could see 2 meat berserkers and 13 bags of meat.

Vanquished Creatures
  An ogre (D)
  An orc (D)
2 creatures vanquished.

Notes
Turn   | Place    | Note
--------------------------------------------------------------
     0 | D        | Infinimo, the Formicid Air Elementalist, began the quest for the Orb.
     0 | D        | Reached XP level 1. HP: 13/13 MP: 3/3
     3 | D        | Became a worshipper of Makhleb the Destroyer
     4 | D        | Noticed a bag of meat
     6 | D        | Noticed a bag of meat
     6 | D        | Noticed a bag of meat
     6 | D        | Noticed a meat berserker
     7 | D        | Noticed a bag of meat
     8 | D        | Noticed a bag of meat
     9 | D        | Noticed a bag of meat
    10 | D        | Noticed a meat berserker
    10 | D        | Noticed a meat berserker
    10 | D        | Noticed a bag of meat
    10 | D        | Noticed a bag of meat
    11 | D        | Noticed a bag of meat
    11 | D        | Noticed a bag of meat
    12 | D        | Noticed a destroyer
    12 | D        | Noticed a bag of meat
    12 | D        | Killed a bag of meat
    12 | D        | Reached skill level 11 in Dodging
    12 | D        | Reached skill level 16 in Stealth
    12 | D        | Reached XP level 2. HP: 19/19 MP: 3/19
    12 | D        | Reached XP level 3. HP: 24/24 MP: 3/21
    12 | D        | Reached XP level 4. HP: 30/30 MP: 3/23
    12 | D        | Reached XP level 5. HP: 35/35 MP: 3/25
    12 | D        | Reached XP level 6. HP: 41/41 MP: 3/27
    12 | D        | Reached XP level 7. HP: 46/46 MP: 3/28
    12 | D        | Reached XP level 8. HP: 52/52 MP: 3/29
    12 | D        | Reached XP level 9. HP: 57/57 MP: 3/30
    12 | D        | Reached XP level 10. HP: 63/63 MP: 3/31
    12 | D        | Reached XP level 11. HP: 68/68 MP: 3/32
    12 | D        | Killed a meat berserker
    12 | D        | Acquired Makhleb's first power
    12 | D        | Reached skill level 18 in Stealth
    12 | D        | Reached XP level 12. HP: 74/74 MP: 3/35
    12 | D        | Reached XP level 13. HP: 79/79 MP: 3/35
    12 | D        | Demolished by a bag of meat

Action                   |  1- 3 |  4- 6 |  7- 9 | 10-12 | 13-15 || total
-------------------------+-------+-------+-------+-------+-------++-------
Melee: Executioner's axe |     1 |       |       |       |       ||     1
